 Dungeon Crawl Stone Soup version 0.19.5 (webtiles) character file.

53 Goboxel the Slasher (level 3, 0/25 HPs)
             Began as a High Elf Gladiator on May 18, 2017.
             Succumbed to an adder's poison
             ... on level 2 of the Dungeon.
             The game lasted 00:02:54 (1162 turns).

Goboxel the Slasher (High Elf Gladiator)            Turns: 1162, Time: 00:02:55

Health: 0/25       AC:  4    Str: 14    XL:     3   Next: 62%
Magic:  4/4        EV: 19    Int: 11    God:
Gold:   73         SH:  0    Dex: 17    Spells: 0 memorised, 2 levels left

rFire  . . .     SeeInvis .     a - +0 long sword
rCold  . . .     Gourm    .     h - +0 leather armour
rNeg   . . .     Faith    .     (no shield)
rPois  .         Spirit   .     c - +0 helmet
rElec  .         Reflect  .     (no cloak)
rCorr  +         Harm     +     (no gloves)
MR     .....                    (no boots)
Stlth  ++........               k - amulet of harm
                                n - ring of resist corrosion
                                e - +5 ring of evasion

@: lethally poisoned (0 -> -9), flying
A: no striking features
a: no special abilities


You were on level 2 of the Dungeon.
You were not hungry.

You visited 1 branch of the dungeon, and saw 2 of its levels.

You collected 73 gold pieces.

Inventory:

Hand Weapons
 a - a +0 long sword (weapon)
 b - a +0 dagger
Missiles
 d - 3 throwing nets (quivered)
Armour
 c - a +0 helmet (worn)
 h - a +0 leather armour (worn)
 m - a +0 shield
Jewellery
 e - a +5 ring of evasion (left hand)
 k - an amulet of harm (around neck)
 n - a ring of resist corrosion (right hand)
Scrolls
 j - a scroll of immolation {unknown}
 l - a scroll of teleportation {unknown}
 o - 2 scrolls of remove curse {unknown}
 s - a scroll of recharging {unknown}
 t - a scroll of enchant armour {unknown}
 u - a scroll of identify {unknown}
Comestibles
 f - a bread ration
 p - a meat ration
 r - 3 fruits


   Skills:
 + Level 2.7 Fighting
 * Level 4.2 Long Blades
 - Level 2.0 Throwing
 + Level 3.9 Dodging
 + Level 1.3 Stealth


You had 2 spell levels left.
You didn't know any spells.

Dungeon Overview and Level Annotations

Branches:
Dungeon (2/15)

Altars:


Message History

You feel sick. The adder bites you but does no damage.
You barely miss the adder.
The adder is almost dead.
* * * LOW HITPOINT WARNING * * *
You feel sick. The adder completely misses you.
You riposte.
You barely miss the adder.
The adder is almost dead.
The adder completely misses you.
You riposte.
You closely miss the adder.
The adder is almost dead.
It was a potion of flight.
You feel very buoyant.
You fly up into the air.
* * * LOW HITPOINT WARNING * * *
You feel sick. The adder completely misses you.
It was a potion of magic.
Magic courses through your body.
* * * LOW HITPOINT WARNING * * *
You feel sick. The adder misses you.
You hit the adder but do no damage.
The adder is almost dead.
You die...

............<......# .#
...................###
..#.........#######......
....######### #......
#...### #...... #......
#...... #...... #......
#......###### #......
#......S@...#######......
#......###...............
#......###...............
#<.................######
#......####........######
....... #..............
#...... #........#####.
#..................# #.
########....# #.


You could see an adder.

Vanquished Creatures
  An adder (D:2)
  3 leopard geckos
  2 giant cockroaches (D:2)
  2 hobgoblins
  2 ball pythons (D:1)
  8 bats
  5 frilled lizards
  6 goblins
  6 kobolds
  5 rats
40 creatures vanquished.

Notes
Turn   | Place    | Note
-------+----------+-------------------------------------------
     0 | D:1      | Goboxel the High Elf Gladiator began the quest for the Orb.
     0 | D:1      | Reached XP level 1. HP: 14/14 MP: 2/2
   450 | D:1      | Reached XP level 2. HP: 17/19 MP: 3/3
   855 | D:2      | Reached XP level 3. HP: 25/25 MP: 4/4
   909 | D:2      | Reached skill level 1 in Stealth
   973 | D:2      | Reached skill level 4 in Long Blades
  1161 | D:2      | HP: 1/25 [poisoned by an adder]
  1162 | D:2      | Succumbed to an adder's poison

Skill      XL: |  1  2  3 |
---------------+----------+-----
Stealth        | 1 |  1.3
Long Blades    | 4 |  4.2
Fighting       | |  2.7
Throwing       | |  2.0
Dodging        | |  3.9

Action                   || total
-------------------------++-------
Melee: Long sword        ||    88
  Use: Potion            ||     2
 Stab: Sleeping          ||     2
       Distracted        ||     1
  Eat: Chunk             ||     1
Armor: Leather armour    ||    34
Dodge: Dodged            ||   128
       Rpst.: Long sword ||    41
